 Dungeon Crawl Stone Soup version 0.31-a0-865-g3d5d91748a (webtiles) character file.

Game seed: 7382871231413513118

115 Hubris850 the Ruffian (level 4, -1/52 HPs)
             Began as a Draconian Shapeshifter on Oct 10, 2023.
             Slain by a gnoll
             ... wielding a +0 halberd
              (8 damage)
             ... on level 3 of the Dungeon.
             The game lasted 00:02:51 (1427 turns).

Hubris850 the Ruffian (Draconian Shapeshifter)      Turns: 1427, Time: 00:02:51

Health: -1/52      AC: 22    Str: 19    XL:     4   Next: 68%
Magic:  4/4        EV:  2    Int: 10    God:
Gold:   211        SH:  0    Dex: 10    Spells: 3/3 levels left

rFire   . .          .
                       - Unarmed
rCold   . . .        (no shield)
rNeg    . . .        (body armour unavailable)
rPois   +            (helmet currently unavailable)
rElec   .            (cloak currently unavailable)
rCorr   .            (gloves currently unavailable)
SInv    .            (boots currently unavailable)
Will    .....        (no amulet)
Stlth   +            (no ring)
HPRegen 0.28/turn    (no ring)
MPRegen 0.09/turn

%: no passive effects
@: tree-form
A: stationary, stasis, torment immunity, boosted hp, AC +5, unfitting armour,
(cold-blooded)
a: no special abilities


You were on level 3 of the Dungeon.
You were a tree.
You visited 1 branch of the dungeon, and saw 3 of its levels.

You collected 211 gold pieces.

Inventory:

Jewellery
 i - a ring of fire
Talismans
 b - a beast talisman
 c - a flux talisman
Scrolls
 d - a scroll of enchant weapon {unknown}
 f - a scroll of vulnerability {unknown}
 g - a scroll of summoning {unknown}
 j - a scroll of silence {unknown}
Potions
 a - a potion of lignification
 e - 2 potions of curing {unknown}
 h - a potion of mutation {unknown}
 k - a potion of brilliance {unknown}


   Skills:
 - Level 1.1 Fighting
 - Level 1.7 Dodging
 + Level 4.4 Unarmed Combat
 + Level 4.2 Shapeshifting


You had 3 spell levels left.
You didn't know any spells.
Your spell library was empty.

Dungeon Overview and Level Annotations

Branches:
Dungeon (3/15)

Altars:
Makhleb
Vehumet

Shops:
D:2 :


Innate Abilities, Weirdness & Mutations

You are a tree.
Your roots penetrate the ground, keeping you stationary.
You cannot be teleported.
You are immune to unholy pain and torment.
Your maximum health is greatly increased.
Your equipment is partially melded.
((Your plain brown scales are hard. (AC +5)))
You cannot fit into any form of body armour.
((You are cold-blooded and may be slowed by cold attacks.))


Message History

You see here a scroll labelled FOOMEL WYMA.
A gnoll comes into view. It is wielding a +0 halberd.
The gnoll shouts! x2; You hear a shout!
You hear an angry hiss.
The gnoll moves out of view.
A gnoll comes into view. It is wielding a +0 spear.
The gnoll closely misses you.
The gnoll hits you from afar with a +0 spear!
You hit the gnoll.
The gnoll is moderately wounded.
The gnoll barely misses you.
The gnoll hits you from afar with a +0 spear!
The gnoll barely misses you.
An adder comes into view.
You barely miss the gnoll.
The gnoll is moderately wounded.
The gnoll hits you with a +0 halberd. The gnoll misses you.
The gnoll hits you from afar with a +0 spear.
You are too injured to fight recklessly!
You are too injured to fight recklessly!
The gnoll closely misses you.
The gnoll hits you from afar with a +0 spear.
The gnoll barely misses you. The gnoll attacks as it pursues you!
The gnoll hits you from afar with a +0 spear.
* * * LOW HITPOINT WARNING * * *
The adder closely misses you. The adder attacks as it pursues you!
The adder closely misses you. The adder attacks as it pursues you!
The adder bites you but does no damage. The adder bites you.
* * * LOW HITPOINT WARNING * * *
The adder attacks as it pursues you! The adder closely misses you.
You hit the adder. You tail-slap the adder.
The adder is severely wounded.
The adder bites you but does no damage.
You hit the adder.
You kill the adder!
Your transformation has ended.
You turn into a tree.
Your roots penetrate the ground.
The gnoll hits you from afar with a +0 halberd!
You die...

#.# ###.# ###...#
#....g####
######.#..<.g.####.##
#
........g..g........
#. #...#.g..##g####..
###.###.###.#.##.#
#....#...#..#.##♣#
#.#...._.?.......#
.....#...#...#####
#...###.###.##
#..#...#...#
#..........##
######........#
..............#
..........#..##


You could see 3 gnolls.

Vanquished Creatures
  Natasha (thrice) (D:2)
  An adder (D:3)
  A worm (D:2)
  A bat (D:2)
  4 endoplasms
  6 hobgoblins
  2 kobolds (D:2)
  A quokka (D:2)
  2 ball pythons
  3 frilled lizards
  3 goblins
  3 rats
30 creatures vanquished.

Notes
Turn   | Place    | Note
-------+----------+-------------------------------------------
     0 | D:1      | Hubris850 the Draconian Shapeshifter began the quest for
                  | the Orb.
     0 | D:1      | Reached XP level 1. HP: 16/16 MP: 1/1
     0 | D:1      | Noticed a demonspawn
     3 | D:1      | Noticed a human
     3 | D:1      | Noticed a felid
     8 | D:1      | Noticed a dwarf
     9 | D:1      | Noticed a felid
    19 | D:1      | Noticed a gargoyle
   356 | D:1      | Reached XP level 2. HP: 23/23 MP: 2/2
   685 | D:2      | Found Deonlaon's Assorted Antiques.
   788 | D:2      | Noticed Natasha
   801 | D:2      | Killed Natasha
   802 | D:2      | Reached XP level 3. HP: 10/28 MP: 3/3
   933 | D:2      | Found Qeschys's Book Shoppe.
   985 | D:2      | Noticed Natasha
  1006 | D:2      | Killed Natasha
  1007 | D:2      | Reached XP level 4. HP: 24/35 MP: 4/4
  1076 | D:2      | Noticed Natasha
  1082 | D:2      | Found a burning altar of Makhleb.
  1133 | D:2      | Killed Natasha
  1406 | D:3      | Found a radiant altar of Vehumet.
  1427 | D:3      | Slain by a gnoll

Illustrated notes

Levels and vault maps discovered:
D:1:      shiori_arrival_whats_in_store_for_you, layout_loops_ring
D:2:      layout_rooms, basic_altar, serial_shops, nicolae_shop_dealshenge,
          shop_coins, minmay_hedge_maze, grunt_decor_resistance,
          serial_park_tiny_pond, uniq_natasha
D:3:      kennysheep_goblin_castle, layout_loops_cross, vehumet_crystals,
          grunt_temple_overflow_open, okawaru_altar_gauntlet_db, uniq_robin

Skill      XL: |  1  2  3  4 |
---------------+-------------+-----
Unarmed Combat | 4 |  4.4
Shapeshifting  | 4 |  4.2
Fighting       | |  1.1
Dodging        | |  1.7

Action                     |  1- 3 |  4- 6 || total
---------------------------+-------+-------++-------
  Melee: Unarmed           |    69 |    36 ||   105
         Tailslap          |     6 |    10 ||    16
         Punch             |       |     3 ||     3
    Use: Potion            |       |     1 ||     1
   Stab: Sleeping          |     1 |       ||     1
 Armour: Skin              |    29 |    17 ||    46
  Dodge: Dodged            |    31 |    16 ||    47

Table legend: (Time is in decaauts)
 A = Elapsed time spent in this place.
 B = Non-inter-level travel time spent in this place.
 C = Inter-level travel time spent in this place.
 D = Time resting spent in this place.
 E = Time spent auto-exploring this place.
 F = Levels seen in this place.
 G = Mean time per level.
                   A        B        C        D        E       F      G
               +--------+--------+--------+--------+--------+-----+--------+
         Total |   1430 |   1363 |     67 |    146 |    960 |   3 |  476.7 |
       Dungeon |   1430 |   1363 |     67 |    146 |    960 |   3 |  476.7 |
               +--------+--------+--------+--------+--------+-----+--------+

Top non-repeatable levels by time:
     D:1: 688 daAuts
     D:2: 687 daAuts
     D:3: 54 daAuts
